 Dungeon Crawl Stone Soup version 0.19.0-11-g3fc08b3 (webtiles) character file.

56 Malachi the Grave Robber (level 3, 19/24 HPs)
             Began as a Demonspawn Necromancer on Nov 10, 2016.
             Was a Follower of Yredelemnul.
             Got out of the dungeon alive.
             The game lasted 00:04:29 (2738 turns).

Malachi the Grave Robber (Demonspawn Necromancer)   Turns: 2738, Time: 00:04:29

Health: 19/24      AC:  2    Str:  5 (8)  XL:     3   Next: 69%
Magic:  6/6        EV: 12    Int: 15 (17) God:    Yredelemnul [*.....]
Gold:   57         SH:  0    Dex: 12 (13) Spells: 1 memorised, 6 levels left

rFire  . . .     SeeInvis .     n - +0 short sword
rCold  . . .     Gourm    .     a - +0 robe
rNeg   . . .     Faith    .     (no shield)
rPois  .         Spirit   .     (no helmet)
rElec  .         Reflect  .     (no cloak)
rCorr  .         Harm     .     (no gloves)
MR     .....                    (no boots)
Stlth  ++........               (no amulet)
                                (no ring)
                                (no ring)

@: no status effects
A: demonic guardian 1
a: Animate Remains, Renounce Religion


You escaped.
You worshipped Yredelemnul.
Yredelemnul was aware of your devotion.
You were not hungry.

You visited 1 branch of the dungeon, and saw 2 of its levels.

You collected 57 gold pieces.

Inventory:

Hand Weapons
 n - a +0 short sword (weapon)
Armour
 a - a +0 robe (worn)
Scrolls
 d - 2 scrolls of identify {unknown}
 h - a scroll of remove curse {unknown}
 j - a scroll of random uselessness {unknown}
 l - a scroll of amnesia {unknown}
Potions
 k - a potion of invisibility
 m - a potion of resistance
 o - a potion of degeneration
Books
 b - a book of Necromancy

   Spells                             Type                      Level
   a - Pain                           Necromancy                   1
   b - Animate Skeleton               Necromancy                   1
   c - Vampiric Draining              Necromancy                   3
   d - Regeneration                   Charms/Necromancy            3
   e - Animate Dead                   Necromancy                   4
   f - Control Undead                 Necromancy                   4
Comestibles
 c - a bread ration
 g - 2 meat rations


   Skills:
 + Level 0.1 Short Blades
 - Level 1.7 Dodging
 - Level 1.7 Stealth
 + Level 2.5 Spellcasting
 * Level 5.5 Necromancy


You had 6 spell levels left.
You knew the following spells:

 Your Spells              Type           Power        Failure   Level  Hunger
a - Pain                  Necr           ###.         1%          1    #......


Dungeon Overview and Level Annotations

Branches:
Dungeon (2/15)

Altars:
Elyvilon
Yredelemnul


Innate Abilities, Weirdness & Mutations

A weak demonic guardian rushes to your aid.


Message History

You see here a hand axe.
You see here a mace.
There is a stone staircase leading down here.
A kobold comes into view. It is wielding a dagger.
You can't go up here!
A kobold is nearby!
A kobold is nearby!
The kobold shouts!
You closely miss the kobold. The kobold hits you with a dagger.
You hit the kobold.
The kobold is severely wounded.
The kobold misses you.
You hit the kobold.
You kill the kobold!
Yredelemnul accepts your kill.
No target in view!
No target in view!
There is a staircase leading out of the dungeon here.
Are you sure you want to leave the Dungeon?
This will make you lose the game!
You have escaped!

#.###....# #.........
#........# #.[...####
#####....###### #######
....#....#....##
###.....)#....'##
###......#....#.#
..#......#....#'######
#.#.####>#....#......#
#.#.# #.#....#.@....#
#.#.# #......#......#
#.#.#####.##.##......#
#.#..........).......#
#.###############.####
..### #.....### ....#
#.###...# ###.####
####.#.#.#.# #....#
#......#...#############


There were no monsters in sight!

Vanquished Creatures
  2 worms (D:2)
  A dart slug (D:1)
  5 goblins
  2 hobgoblins
  2 jackals (D:1)
  A ball python (D:1)
  4 bats
  6 kobolds
  3 rats
26 creatures vanquished.

Vanquished Creatures (collateral kills)
  Jessica (D:2)
1 creature vanquished.

Grand Total: 27 creatures vanquished

Notes
Turn   | Place    | Note
-------+----------+-------------------------------------------
     0 | D:1      | Malachi the Demonspawn Necromancer began the quest for the Orb.
     0 | D:1      | Reached XP level 1. HP: 13/13 MP: 3/3
   709 | D:1      | Gained mutation: A weak demonic guardian rushes to your aid. [demonic ancestry]
   709 | D:1      | Reached XP level 2. HP: 13/19 MP: 0/5
   967 | D:1      | Reached skill level 5 in Necromancy
  1377 | D:2      | Found a white marble altar of Elyvilon.
  1781 | D:2      | Noticed Jessica
  1785 | D:2      | Killed Jessica
  1785 | D:2      | Reached XP level 3. HP: 20/24 MP: 2/6
  1883 | D:2      | Found a faded altar of an unknown god.
  2371 | D:2      | Became a worshipper of Yredelemnul the Dark
  2371 | D:2      | Reached * piety under Yredelemnul
  2738 | D:$      | Got out of the dungeon alive.

Skill      XL: |  1  2 |
---------------+-------+-----
Necromancy     | 5 |  5.5
Short Blades   | |  0.1
Dodging        | |  1.7
Stealth        | |  1.7
Spellcasting   | |  2.5

Action                   || total
-------------------------++-------
Melee: Unarmed           ||     8
       Short sword       ||    24
 Cast: Pain              ||    73
  Use: Potion            ||     6
 Stab: Sleeping          ||     1
       Invisible         ||     1
  Eat: Chunk             ||     3
       Meat ration       ||     1
Armor: Robe              ||     9
Dodge: Dodged            ||    15
